 Dungeon Crawl Stone Soup version 0.27-a0-1325-g58a489ad9e (webtiles) character file.

Game seed: 11312360601213730982

251 lunkers the Skirmisher (level 6, 0/100 HPs)
             Began as an Ogre Berserker on June 24, 2021.
             Was a Believer of Trog.
             Slain by Duvessa (7 damage)
             ... on level 4 of the Dungeon.
             The game lasted 00:06:12 (3340 turns).

lunkers the Skirmisher (Ogre Berserker)             Turns: 3340, Time: 00:06:12

Health: 0/100      AC:  3    Str: 24    XL:     6   Next: 13%
Magic:  6/6        EV: 10    Int:  8    God:    Trog [**....]
Gold:   30         SH:  0    Dex:  8    Spells: 5/5 levels left

rFire    . . .     SeeInvis .   p - +2 mace (vorpal)
rCold    . . .     Faith    .   (no shield)
rNeg     . . .     Spirit   .   b - +0 animal skin
rPois    .         Reflect  .   (helmet restricted)
rElec    .         Harm     .   (no cloak)
rCorr    .         Rampage  .   (gloves unavailable)
Will     +++..                  (boots unavailable)
Stlth    ..........             (no amulet)
HPRegen  1.26/turn              m - ring of willpower
MPRegen  0.10/turn              (no ring)

@: berserking, strong-willed (expiring), regenerating (expiring), very quick
A: large, unfitting armour, tough skin 1
a: Renounce Religion, Berserk, Trog's Hand


You were on level 4 of the Dungeon.
You worshipped Trog.
Trog was pleased with you.
You visited 1 branch of the dungeon, and saw 4 of its levels.

You collected 30 gold pieces.

Inventory:

Hand Weapons
 a - a +0 mace
 p - a +2 vorpal mace (weapon)
Missiles
 h - 137 stones (quivered)
 n - 21 poisoned darts
Armour
 b - a +0 animal skin (worn)
Jewellery
 m - a ring of willpower (left hand)
Scrolls
 d - a scroll of identify {unknown}
 f - a scroll of magic mapping {unknown}
 i - a scroll of immolation {unknown}
 j - a scroll of fear {unknown}
 l - a scroll of noise {unknown}
 q - a scroll of torment {unknown}
Potions
 c - 3 potions of berserk rage {unknown}
 e - a potion of heal wounds {unknown}
 g - a potion of lignification {unknown}
 k - a potion of curing {unknown}
 o - a potion of attraction {unknown}


   Skills:
 + Level 5.9 Fighting
 * Level 5.2 Maces & Flails
 - Level 2.6 Dodging


You had 5 spell levels left.
You didn't know any spells.
Your spell library was empty.

Dungeon Overview and Level Annotations

Branches:
Dungeon (4/15)
 Temple: D:4-7

Altars:
Wu Jian
Xom
Zin

Shops:
D:2 =

Annotations:
D:4 Dowan, Duvessa


Innate Abilities, Weirdness & Mutations

You are too large for most types of armour.
You have tough skin. (AC +1)


Message History

* * * LOW HITPOINT WARNING * * *
Dowan barely misses you. Duvessa hits you with a +0 short sword!
* * * LOW HITPOINT WARNING * * *
You closely miss Duvessa.
Duvessa is moderately wounded.
The orc wizard hits you but does no damage.
Dowan hits you with a +0 dagger.
* * * LOW HITPOINT WARNING * * *
Duvessa barely misses you.
You completely miss Duvessa.
Duvessa is moderately wounded.
The orc wizard points at you and mumbles some strange words.
The puff of flame hits you.
* * * LOW HITPOINT WARNING * * *
Duvessa closely misses you. Dowan hits you with a +0 dagger.
* * * LOW HITPOINT WARNING * * *
You hit Duvessa.
Duvessa is heavily wounded.
The orc wizard barely misses you.
Unknown command.
You barely miss Duvessa.
Duvessa is heavily wounded.
You feel the effects of Trog's Hand fading.
Duvessa hits you with a +0 short sword.
* * * LOW HITPOINT WARNING * * *
Dowan gestures at you while chanting. The puff of frost misses you.
The puff of frost hits the orc wizard.
You barely miss Duvessa.
Duvessa is heavily wounded.
The orc wizard hits you with a +0 dagger.
* * * LOW HITPOINT WARNING * * *
Duvessa hits you with a +0 short sword.
* * * LOW HITPOINT WARNING * * *
Dowan hits you with a +0 dagger!
* * * LOW HITPOINT WARNING * * *
You barely miss Duvessa.
Duvessa is heavily wounded.
The orc wizard hits you but does no damage.
Duvessa hits you with a +0 short sword!
You die...

#.#.#...#.# #...# #
#.#.#####.# #...#
#.#...#...#.# #...#
#....##†#.#.# ....+
#....'..#.#.#
#....####.#.# #....#
#.#+#+#### #....#
#..o.....# #....#
#..@e....#
....).......e)....#
#..................#
#.........$........#
..............#
................
.......#........
.....)#....[...


You could see Duvessa, Dowan and an orc wizard.

Vanquished Creatures
  3 orc priests
  An iguana (D:3)
  Robin (D:2)
  3 adders
  An adder skeleton (D:4)
  A worm (D:2)
  2 dart slugs (D:1)
  12 orcs (D:3)
  7 bats
  A giant cockroach (D:2)
  11 goblins
  8 hobgoblins
  8 jackals (D:3)
  2 kobolds
  4 quokkas
  4 ball pythons
  2 frilled lizards
  4 rats
75 creatures vanquished.

Notes
Turn   | Place    | Note
-------+----------+-------------------------------------------
     0 | D:1      | lunkers the Ogre Berserker began the quest for the Orb.
     0 | D:1      | Reached XP level 1. HP: 24/24 MP: 1/1
   249 | D:1      | Reached XP level 2. HP: 32/32 MP: 2/2
   731 | D:1      | Reached XP level 3. HP: 31/40 MP: 3/3
  1308 | D:2      | Found Xuow's Jewellery Emporium.
  1321 | D:2      | Found a shimmering altar of Xom.
  1379 | D:2      | Noticed Robin
  1387 | D:2      | Reached ** piety under Trog
  1399 | D:2      | Killed Robin
  1400 | D:2      | Reached XP level 4. HP: 12/49 MP: 4/4
  1799 | D:2      | Found a faded altar of an unknown god.
  1890 | D:2      | Reached skill level 5 in Fighting
  2352 | D:3      | Found an ornate altar of the Wu Jian Council.
  2381 | D:3      | Found a glowing silver altar of Zin.
  2500 | D:3      | Reached XP level 5. HP: 57/57 MP: 5/5
  3323 | D:4      | Noticed Dowan
  3325 | D:4      | Noticed Duvessa
  3331 | D:4      | Reached skill level 5 in Maces & Flails
  3334 | D:4      | Reached XP level 6. HP: 37/67 MP: 6/6
  3340 | D:4      | Slain by Duvessa

Illustrated notes

Levels and vault maps discovered:
D:1:      scummos_arrival_checkerplants, layout_basic, kennysheep_doodads
D:2:      layout_loops_cross, basic_altar, serial_shops, nicolae_square_shop,
          hellmonk_ecumenical_altar_heavens_door, uniq_robin
D:3:      layout_loops_ring, overflow_temple_1_default, lemuel_crystal_altar,
          kennysheep_crisscross
D:4:      layout_basic, tgw_trog, uniq_duvessa

Skill      XL: |  1  2  3  4  5 |
---------------+----------------+-----
Maces & Flails | 3 4 5 |  5.2
Fighting       | 5 |  5.9
Dodging        | |  2.6

Action                   |  1- 3 |  4- 6 || total
-------------------------+-------+-------++-------
Melee: Mace              |    78 |   105 ||   183
Throw: Stone             |    11 |    17 ||    28
Invok: Berserk           |     1 |     6 ||     7
       Trog's Hand       |       |     1 ||     1
 Stab: Sleeping          |     1 |       ||     1
Armor: Animal skin       |    33 |    19 ||    52
Dodge: Dodged            |    40 |    57 ||    97

Table legend: (Time is in decaauts)
 A = Elapsed time spent in this place.
 B = Non-inter-level travel time spent in this place.
 C = Inter-level travel time spent in this place.
 D = Time resting spent in this place.
 E = Time spent auto-exploring this place.
 F = Levels seen in this place.
 G = Mean time per level.
                   A        B        C        D        E       F      G
               +--------+--------+--------+--------+--------+-----+--------+
         Total |   3422 |   3306 |    116 |     61 |   2783 |   4 |  855.5 |
       Dungeon |   3422 |   3306 |    116 |     61 |   2783 |   4 |  855.5 |
               +--------+--------+--------+--------+--------+-----+--------+

Top non-repeatable levels by time:
     D:2: 1428 daAuts
     D:3: 991 daAuts
     D:1: 918 daAuts
     D:4: 83 daAuts
